 Dungeon Crawl Stone Soup version 0.31-a0-1-g4198be8af4 (console) character file.

Game seed: 5181715114073003183

8331 Banquo the Thaumaturge (level 11, 0/79 HPs)
             Began as a Djinni Air Elementalist on May 1, 2023.
             Was a Follower of Ashenzari.
             Slain by a vampire mosquito (4 damage)
             ... on level 10 of the Dungeon.
             The game lasted 00:43:16 (13475 turns).

Banquo the Thaumaturge (Djinni Air Elementalist)   Turns: 13475, Time: 00:43:18

Health: 0/79       AC: 16    Str: 16    XL:     11   Next: 53%
Gold:   833        EV: 13    Int: 26    God:    Ashenzari [*.....] SH: 10 Dex: 15

rFire   + + .        u - +9 dagger of Action {heavy, Str+3}
rCold   x . .        i - +0 kite shield "Tethered Augurer" {Range, Melee} (curse)
rNeg    . . .        d - +0 troll leather armour
rPois   ∞            h - +2 helmet {SInv}
rElec   .            (no cloak)
rCorr   .            g - +0 pair of gloves
SInv    +            (boots unavailable)
Will    +....        B - amulet of Ashenzari's Planets {Spirit, Range, Self} (curse)
Stlth   ++           N - +6 ring of strength
HPRegen 1.13/turn    q - +6 ring of intelligence
MPRegen 0.00/turn

%: guardian spirit, infuse magic (-1 HP)
@: ice-armoured, flying
A: sickness immunity, fire resistance 2, cold vulnerability 1, float, innate
caster, HP casting, extra vitality 1
a: Renounce Religion, Shatter the Chains


You were on level 10 of the Dungeon.
You worshipped Ashenzari.
Ashenzari was aware of your devotion.
You visited 2 branches of the dungeon, and saw 11 of its levels.
You also visited: Bailey.

You collected 833 gold pieces.

Inventory:

Hand Weapons
 k - a +2 vampiric spear
 r - a +1 dagger of holy wrath
 u - the +9 dagger of Action (weapon) {heavy, Str+3}
   (You found it on level 4 of the Dungeon)

   Str:       It affects your strength (+3).
 E - a +4 trident of flaming
 P - a +4 long sword
Missiles
 c - 5 throwing nets
Armour
 d - a +0 troll leather armour (worn)
 g - a +0 pair of gloves (worn)
 h - a +2 helmet of see invisible (worn)
 i - the cursed +0 kite shield "Tethered Augurer" (worn) {Range, Melee}
   (You found it on level 2 of the Dungeon)

   It has a curse which improves the following skills: Ranged Combat: Ranged
   Weapons and Throwing.
   Melee Combat: Short Blades, Long Blades, Axes, Maces & Flails, Polearms,
   Staves and Unarmed Combat.
Jewellery
 b - a ring of see invisible
 q - a +6 ring of intelligence (right hand)
 B - the cursed amulet of Ashenzari's Planets (around neck) {Spirit, Range, Self}
   (You found it on level 5 of the Dungeon)

   [amulet of guardian spirit]

   It causes incoming damage to be divided between your reserves of health and
   magic.
   It has a curse which improves the following skills: Ranged Combat: Ranged
   Weapons and Throwing.
   Introspection: Fighting and Spellcasting.
 N - a +6 ring of strength (left hand)
Wands
 a - a wand of charming (14)
 H - a wand of mindburst (17)
Scrolls
 f - 2 scrolls of butterflies
 m - 2 scrolls of magic mapping
 n - a scroll of fog
 o - 4 scrolls of poison
 p - 2 scrolls of identify
 v - 2 scrolls of acquirement
 C - a scroll of blinking
 I - 2 scrolls of teleportation
Potions
 e - a potion of heal wounds
 j - a potion of brilliance
 l - a potion of ambrosia
 x - a potion of resistance
 D - 5 potions of curing
 F - a potion of haste
Miscellaneous
 A - a phial of floods


   Skills:
 * Level 6.5(7.3) Fighting
 * Level 7.3 Dodging
 - Level 1.5 Stealth
 * Level 6.2 Shields
 + Level 10.5(11.2) Spellcasting


You knew the following spells:

 Your Spells              Type           Power      Damage    Failure   Level
a - Shock                 Conj/Air       100%       1d9       1%          1
d - Static Discharge      Conj/Air       100%       2-7/arc   1%          2
f - Portal Projectile     Hex/Tloc       100%       N/A       1%          3
i - Call Imp              Summ           100%       N/A       1%          2
k - Kiss of Death         Conj/Necr      100%       2d13      1%          1
u - Dispel Undead         Necr           65%        3d22      1%          4
z - Airstrike             Air            32%        2d(5-21)  1%          4
M - Swiftness             Air            65%        N/A       1%          3
O - Ozocubu's Armour      Ice            65%        N/A       1%          3
Your spell library was empty.

Dungeon Overview and Level Annotations

Branches:
Dungeon (10/15)            Temple (1/1) D:7            Lair (0/5) D:9
    Orc (0/2) D:9          Bailey (visited)

Altars:
Ashenzari
Cheibriados
Dithmenos
Elyvilon
Fedhas
Gozag
Hepliaklqana
Nemelex Xobeh
Okawaru
Qazlal
Trog
Uskayaw
Wu Jian
Xom
Yredelemnul
Zin
The Shining One

Shops:
D:3 (   D:4 *   D:6 :

Annotations:
D:2 1 runed translucent door, Crazy Yiuf
D:10 3 runed translucent doors


Innate Abilities, Weirdness & Mutations

You are immune to sickness and miasma.
You are immune to poison.
Your flesh is very heat resistant. (rF++)
You are vulnerable to cold. (rC-)
You float through the air rather than walking.
You learn spells naturally, not from books.
Your magical power is your life essence.
You have superior vitality. (+4 MHP)


Message History

You block the vampire mosquito's attack.
Casting: Airstrike (dangerous; 1% risk of failure)
Confirm with . or Enter, or press ? or * to list all spells.
Aiming: Airstrike (dangerous; 1% risk of failure)
Press: ? - help, Dir - move target, f/p - vampire mosquito
Aim: a vampire mosquito (heavily damaged, empty space bonus: 3/8)
The air twists around and strikes the vampire mosquito.
The vampire mosquito is severely damaged.
* * * LOW HITPOINT WARNING * * *
You block the vampire mosquito's attack.
The vampire mosquito bites you but does no damage.
Casting: Airstrike (dangerous; 1% risk of failure)
Confirm with . or Enter, or press ? or * to list all spells.
Aiming: Airstrike (dangerous; 1% risk of failure)
Press: ? - help, Dir - move target, f/p - vampire mosquito
Aim: a vampire mosquito (severely damaged, empty space bonus: 3/8)
The air twists around and strikes the vampire mosquito.
The vampire mosquito is almost destroyed.
* * * LOW HITPOINT WARNING * * *
The vampire mosquito bites you but does no damage.
The vampire mosquito closely misses you.
Casting: Airstrike (dangerous; 1% risk of failure)
Confirm with . or Enter, or press ? or * to list all spells.
Aiming: Shock (safe; 1% risk of failure)
Press: ? - help, Shift-Dir - straight line, f/p - vampire mosquito
Aim: a vampire mosquito (almost destroyed, 57% to hit)
The zap misses the vampire mosquito.
* * * LOW HITPOINT WARNING * * *
The vampire mosquito bites you but does no damage.
The vampire mosquito misses you.
Casting: Shock (safe; 1% risk of failure)
Confirm with . or Enter, or press ? or * to list all spells.
Aiming: Shock (safe; 1% risk of failure)
Press: ? - help, Shift-Dir - straight line, f/p - vampire mosquito
Aim: a vampire mosquito (severely damaged, 57% to hit)
The zap hits the vampire mosquito.
The vampire mosquito is almost destroyed.
* * * LOW HITPOINT WARNING * * *
The vampire mosquito barely misses you. The vampire mosquito bites you.
You die...

#.#####.###
#..........
##
#..........
... ........
##..##......
..........#+#
............+
#y# #@#
#....†...#
#....#(#.#
####.#.#... .
..# #.# ##
.## .# ### $
# ..# . .#
#.# $. #.#
#..


You could see a vampire mosquito.

Vanquished Creatures
  A two-headed ogre (D:9)
  Psyche (D:8)
  A hornet (D:8)
  2 trolls (D:9)
  A shadow (D:9)
  5 yaks (D:9)
  Grum (Bailey)
  2 vampire mosquitoes (D:10)
  2 steam dragons
  A water moccasin (D:7)
  3 acid dragons (D:9)
  4 sky beasts (D:8)
  An ice beast (D:5)
  2 orc warriors (D:9)
  2 black bears (D:6)
  3 ogres
  5 wolves (Bailey)
  2 centaurs
  2 phantoms
  4 kobold brigands
  3 bullfrogs
  2 scorpions
  9 gnoll sergeants
  5 wights
  8 killer bees (D:9)
  2 howler monkeys (D:8)
  4 hounds
  2 jellies
  3 orc priests
  6 gnoll boudas (Bailey)
  4 iguanas
  5 sleepcaps
  Jessica (D:2)
  9 orc wizards
  15 gnolls
  8 adders
  2 shadow imps (D:6)
  2 white imps
  An ufetubus (D:6)
  3 worms
  3 dart slugs
  27 orcs
  2 endoplasms
  6 giant cockroaches
  14 goblins
  10 hobgoblins
  2 jackals (D:4)
  6 quokkas
  7 ball pythons
  6 bats
  3 frilled lizards
  12 kobolds
  7 rats
244 creatures vanquished.

Notes
Turn   | Place    | Note
-------+----------+-------------------------------------------
     0 | D:1      | Banquo the Djinni Air Elementalist began the quest for the
                  | Orb.
     0 | D:1      | Banquo set off with the following spells memorised: Shock,
                  | Static Discharge, Swiftness, Airstrike.
     0 | D:1      | Reached XP level 1. HP: 15/15 MP: 0/0
   327 | D:1      | Reached XP level 2. HP: 20/22 MP: 0/0
   637 | D:1      | Reached skill level 3 in Spellcasting
   822 | D:1      | Reached XP level 3. HP: 25/26 MP: 0/0
   822 | D:1      | Learned a level 1 spell: Kiss of Death
   825 | D:1      | Reached skill level 1 in Fighting
  1066 | D:2      | Noticed Jessica
  1437 | D:2      | Found a runed translucent door.
  1438 | D:2      | Noticed Crazy Yiuf
  1438 | D:2      | You are sucked into a shaft and drop 1 floor!
  1442 | D:3      | Found Jaumeodgh's Weapon Shop.
  1502 | D:2      | Reached XP level 4. HP: 32/32 MP: 0/0
  1696 | D:2      | Killed Jessica
  1935 | D:3      | Reached XP level 5. HP: 34/37 MP: 0/0
  1935 | D:3      | Learned a level 2 spell: Call Imp
  2180 | D:3      | Reached skill level 4 in Spellcasting
  2260 | D:3      | Reached skill level 1 in Shields
  2348 | D:3      | Found a glowing golden altar of the Shining One.
  2380 | D:3      | Reached XP level 6. HP: 16/43 MP: 0/0
  2392 | D:3      | HP: 2/43 [orc priest/divine providence (8)]
  2864 | D:3      | Found a hazy altar of Hepliaklqana.
  3317 | D:3      | Found a hazy altar of Hepliaklqana.
  3345 | D:3      | Found Jaumeodgh's Weapon Shop.
  3544 | D:3      | Found a glowing golden altar of the Shining One.
  3930 | D:4      | Reached XP level 7. HP: 43/49 MP: 0/0
  3930 | D:4      | Learned a level 3 spell: Portal Projectile
  3930 | D:4      | Identified the +9 dagger of Action {heavy, Str+3}
  4076 | D:4      | Reached skill level 5 in Spellcasting
  4153 | D:4      | Found a stormy altar of Qazlal.
  4508 | D:4      | Found Hath's General Store.
  4645 | D:5      | Entered Level 5 of the Dungeon
  4869 | D:5      | Reached XP level 8. HP: 21/56 MP: 0/0
  5795 | D:5      | Reached skill level 6 in Spellcasting
  6375 | D:6      | Found Emmoiral's Book Emporium.
  6552 | D:6      | Reached XP level 9. HP: 29/62 MP: 0/0
  6552 | D:6      | Learned a level 3 spell: Ozocubu's Armour
  6981 | D:6      | Reached skill level 7 in Spellcasting
  7693 | D:7      | Reached skill level 5 in Dodging
  8026 | D:7      | Found a staircase to the Ecumenical Temple.
  8048 | Temple   | Entered the Ecumenical Temple
  8063 | Temple   | Became a worshipper of Ashenzari the Shackled
  8766 | D:8      | Noticed Psyche
  8768 | D:8      | Killed Psyche
  8769 | D:8      | Reached skill level 8 in Spellcasting
  8769 | D:8      | Reached XP level 10. HP: 47/69 MP: 0/0
  9103 | D:8      | Reached skill level 5 in Fighting
  9402 | D:8      | Identified the +5 arbalest of the Holding Traitor {drain,
                  | rPois}
  9733 | D:9      | Noticed a two-headed ogre
  9736 | D:9      | Killed a two-headed ogre
  9737 | D:9      | Reached skill level 5 in Shields
  9737 | D:9      | Reached skill level 9 in Spellcasting
  9828 | D:9      | Found a flagged portal.
  9869 | Bailey   | Entered a bailey
 10963 | Bailey   | Noticed Grum
 11091 | Bailey   | Killed Grum
 11092 | Bailey   | Reached XP level 11. HP: 66/76 MP: 0/0
 11092 | Bailey   | Learned a level 4 spell: Dispel Undead
 11562 | D:9      | Reached * piety under Ashenzari
 11562 | D:9      | Identified 2 scrolls of acquirement
 11661 | D:9      | Found a staircase to the Orcish Mines.
 12093 | D:9      | Reached skill level 10 in Spellcasting
 12530 | D:9      | Found a glowing silver altar of Zin.
 12804 | D:9      | Found a staircase to the Lair.
 13420 | D:10     | Entered Level 10 of the Dungeon
 13420 | D:10     | Found a runed translucent gate.
 13420 | D:10     | Found a runed translucent gate.
 13420 | D:10     | Found a runed translucent gate.
 13475 | D:10     | Slain by a vampire mosquito

Illustrated notes

Levels and vault maps discovered:
D:1:      scummos_arrival_gate, layout_loops_corners, minmay_quantized
D:2:      layout_basic, uniq_crazy_yiuf_cottage, uniq_jessica
D:3:      layout_basic, mainiacjoe_overflow_tiny_flanked,
          mainiacjoe_overflow_24_doors, serial_shops, shop, hellmonk_no_cap
D:4:      layout_rooms, kennysheep_little_box, serial_shops, shop
D:5:      layout_loops_corners
D:6:      minmay_evil_eye, layout_loops_ring, serial_shops, shop
D:7:      layout_basic, minmay_temple_entry_ruins
D:8:      layout_basic, uniq_psyche
D:9:      minmay_octagon_keep, layout_basic, kennysheep_mini,
          amcnicky_altar_gilded, enter_bailey_3, nrook_loot_triangle,
          chequers_serial_rivers_room_a, roderic_lattice_a,
          minmay_misc_feat_secret_circle
D:10:     layout_basic, demons_altar, nicolae_ru_path_of_blood,
          gammafunk_ghost_icy, chequers_serial_rivers_micro_a, uniq_harold
Temple:   minmay_freezing_vapour_temple

Skill      XL: |  1  2  3  4  5  6  7  8  9 10 11 |
---------------+----------------------------------+-----
Spellcasting   | 3 4 5 6 8 9 10 | 10.5
Fighting       | 1 2 3 4 5 6 |  6.5
Shields        | 1 2 3 4 5 6 |  6.2
Dodging        | 3 4 5 6 7 |  7.3
Stealth        | |  1.5

Action                     |  1- 3 |  4- 6 |  7- 9 | 10-12 || total
---------------------------+-------+-------+-------+-------++-------
  Melee: Dagger            |       |       |     1 |       ||     1
   Cast: Shock             |    77 |   130 |   140 |     7 ||   354
         Airstrike         |       |       |    65 |   171 ||   236
         Static Discharge  |       |       |     1 |    10 ||    11
         Ozocubu's Armour  |       |       |       |     2 ||     2
 Invoke: Curse Item        |       |       |       |     3 ||     3
         Shatter the Chain |       |       |       |     1 ||     1
    Use: Scroll            |       |       |     5 |     1 ||     6
 Armour: Robe              |     2 |       |     5 |       ||     7
         Steam dragon scal |       |       |       |     6 ||     6
         Troll leather arm |       |       |       |     9 ||     9
  Dodge: Dodged            |    12 |    15 |    31 |    36 ||    94
  Block: Kite shield       |       |       |       |    31 ||    31

Table legend: (Time is in decaauts)
 A = Elapsed time spent in this place.
 B = Non-inter-level travel time spent in this place.
 C = Inter-level travel time spent in this place.
 D = Time resting spent in this place.
 E = Time spent auto-exploring this place.
 F = Levels seen in this place.
 G = Mean time per level.
                   A        B        C        D        E       F      G
               +--------+--------+--------+--------+--------+-----+--------+
         Total |  13480 |  12334 |   1146 |   2230 |   7917 |  12 | 1123.3 |
       Dungeon |  11905 |  10763 |   1142 |   1129 |   7824 |  10 | 1190.5 |
        Temple |     54 |     50 |      4 |     34 |      0 |   1 |   54.0 |
        Bailey |   1519 |   1519 |      0 |   1067 |     93 |   1 | 1519.0 |
               +--------+--------+--------+--------+--------+-----+--------+

Top non-repeatable levels by time:
     D:3: 2004 daAuts
     D:9: 1961 daAuts
  Bailey: 1519 daAuts
     D:5: 1489 daAuts
     D:6: 1355 daAuts
     D:8: 1335 daAuts
     D:1: 1161 daAuts
     D:7: 1078 daAuts
     D:4: 786 daAuts
     D:2: 715 daAuts
  Temple: 54 daAuts
    D:10: 16 daAuts
